Cogmind - Beta 13 @@@ ROGUE MODE // 2024.04.02 @ 22:31:56 Player: Abkaal Result: Destroyed by S-10 Pest with Light Assault Rifle Performance ------------- Evolutions (0) 0 Regions Visited (2) 400 Robots Destroyed (16) 80 Value Destroyed (449) 449 Prototype IDs (2) 40 Alien Tech Used (0) 0 Bonus (0) 0 TOTAL SCORE: 969 Bonus ------- None Cogmind --------- Core Integrity 0/250 Matter 282/300 Energy 71/100 System Corruption 0% Temperature Cool (67) Movement Core (50) Location -10/Mines Parts ------- > --- POWER (1) -------- (None) > --- PROPULSION (2) --- Hover Unit > --- UTILITY (2) ------ Terrain Scanner > --- WEAPON (2) ------- (None) > --- INVENTORY (5) ---- Small Laser Welding Torch Hammer Peak State ------------ > --- POWER ------------ Light Ion Engine > --- PROPULSION ------- Wheel Wheel > --- UTILITY ---------- (None) > --- WEAPON ----------- Small Laser Light Assault Rifle > --- INVENTORY -------- Aluminum Leg Aluminum Leg [Rating: 5] Favorites ----------- Power Light Ion Engine Engine Light Ion Engine Propulsion Aluminum Leg Leg Aluminum Leg Wheel Wheel Hover Unit Hover Unit Utility Terrain Scanner Device Terrain Scanner Weapon Small Laser Energy Gun Small Laser Ballistic Gun Light Assault Rifle Special Weapon Mining Laser Impact Weapon Hammer Build | -11 -10 -10 ------- Run | Yrd Mat Min Slots Evolved . | . . . Power . | . . . Propulsion . | . . . Utility . | . . . Weapon . | . . . Parts Attached 21 | 6 14 1 Power 4 | 1 3 . Engine 4 | 1 3 . Core . | . . . Reactor . | . . . Propulsion 9 | 2 7 . Treads . | . . . Leg 6 | . 6 . Wheel 2 | 2 . . Hover 1 | . 1 . Flight . | . . . Utility 1 | . . 1 Device 1 | . . 1 Storage . | . . . Processor . | . . . Hackware . | . . . Protection . | . . . Artifact . | . . . Weapon 7 | 3 4 . Energy Gun 2 | 2 . . Energy Cannon . | . . . Ballistic Gun 2 | 1 1 . Ballistic Cannon . | . . . Launcher . | . . . Special Weapon 2 | . 2 . Impact Weapon 1 | . 1 . Slashing Weapon . | . . . Piercing Weapon . | . . . Special Melee Weapon . | . . . Unidentified Prototypes . | . . . Parts Lost 8 | . 5 3 Power 2 | . 1 1 Propulsion 3 | . 3 . Utility . | . . . Weapon 3 | . 1 2 Highest Loss Streak 3 | . 3 3 To Critical Strikes . | . . . Average Slot Usage (%) 59 | . 59 57 Engine 9 | . 8 13 Leg 13 | . 17 . Wheel 4 | . 5 . Hover 4 | . 1 14 Energy Gun 13 | . 17 . Ballistic Gun 1 | . 2 . Special Weapon 6 | . . 26 Impact Weapon 4 | . 5 . Naked Turns 6 | . 6 . Heaviest Build 8 | 6 8 6 Greatest Support 20 | 20 20 6 Greatest Overweight (x) 1 | . 1 . Average Overweight (x) . | . . . Largest Inventory Capacity 5 | 5 5 5 Average Capacity 5 | 5 5 5 Most Carried 5 | 3 5 3 Average Carried 3 | 1 3 3 Final Capacity 5 | 5 5 5 Final Carried 3 | 3 3 3 Class Distribution -------------------- 100% | Mutant Dominant Class ---------------- Mutant | -10/Materials Mutant | -10/Mines Resources | -11 -10 -10 ----------- Run | Yrd Mat Min Matter Collected 375 | 260 99 16 Remotely . | . . . Salvage Created 520 | 42 478 . Parts 19 | . 19 . Haulers Intercepted . | . . . Recyclers Shooed . | . . . Parts Field Recycled . | . . . Retrieved Matter . | . . . Parts Self-Destructed . | . . . Prevented . | . . . Kills | -11 -10 -10 ------- Run | Yrd Mat Min Combat Hostiles Destroyed 12 | 1 11 . Melee 3 | . 3 . Guns 6 | 1 5 . Classes Destroyed 5 | 1 4 . Builder 1 | . 1 . Recycler 1 | . 1 . Watcher 2 | . 2 . Swarmer 2 | . 2 . Grunt 10 | 1 9 . Best Kill Streak 2 | 1 2 . Combat Bots Only 2 | 1 2 . Max Kills in Single Turn 2 | 1 2 . Gunslinging . | . . . Exploded . | . . . Melee 1 | . 1 . Uniques/NPCs Destroyed . | . . . Combat | -11 -10 -10 -------- Run | Yrd Mat Min Hostile Shots Fired 141 | 2 111 28 Missed 46 | . 38 8 Damage Taken 1110 | 21 936 153 Core 257 | 10 214 33 Absorbed by Shields . | . . . Core Remaining (%) 96 | 96 . . Volleys Fired 35 | 2 31 2 Largest 2 | 2 2 2 Hottest 200 | 90 90 200 Shots Fired 62 | 4 54 4 Gun 58 | 4 54 . Cannon . | . . . Launcher . | . . . Special 4 | . . 4 Kinetic 8 | . 8 . Thermal 54 | 4 46 4 Explosive . | . . . Electromagnetic . | . . . Robot Hit Streak 8 | 3 8 . Robot Miss Streak 6 | . 6 4 Penetration Max . | . . . Secondary Targets 2 | . 2 . Max Gunslinging Chain 1 | . 1 . Shots Hit Robots 43 | 3 40 . Core Hits 20 | 2 18 . Critical Kills . | . . . Critical Parts Destroyed 4 | . 4 . Critical Strikes 8 | 1 7 . Burn 4 | 1 3 . Smash 4 | . 4 . Melee Attacks 12 | . 12 . Impact 12 | . 12 . Slashing . | . . . Piercing . | . . . Sneak Attacks 1 | . 1 . Combat Hostiles . | . . . Follow-up Attacks . | . . . Damage Inflicted 878 | 35 843 . Guns 421 | 35 386 . Cannons . | . . . Explosions 194 | . 194 . Melee 263 | . 263 . Ramming . | . . . Kinetic 52 | . 52 . Thermal 369 | 35 334 . Explosive 194 | . 194 . Electromagnetic . | . . . Impact 263 | . 263 . Slashing . | . . . Piercing . | . . . Highest Corruption . | . . . Average Corruption . | . . . Corruption Purged . | . . . Corruption Blocked . | . . . Overload Shots . | . . . Overflow Damage 214 | . 214 . Projectiles . | . . . Explosions 76 | . 76 . Melee 138 | . 138 . Knockbacks 3 | . 3 . Impact 3 | . 3 . Kinetic . | . . . Secondary . | . . . Self-Inflicted Damage 195 | . 195 . Shots 2 | . 2 . Rammed . | . . . Targets Rammed . | . . . Kicked . | . . . Crushed . | . . . Highest Temperature 261 | 72 261 117 Average Temperature 63 | 40 64 68 Received Heat Transfer 279 | 12 267 . Siege Activations . | . . . Robots Corrupted . | . . . Combat Hostiles . | . . . Parts Fried 5 | . 5 . Impact Corruptions 6 | . 6 . Robots Melted . | . . . Combat Hostiles . | . . . Parts Melted 6 | 2 4 . Heat Transferred 1287 | 173 1114 . Parts Sabotaged . | . . . Parts Stolen . | . . . Parts Stripped . | . . . Power Chain Reactions . | . . . Alert | -11 -10 -10 ------- Run | Yrd Mat Min Peak Influence 243 | 20 243 67 Initial 65 | . 13 65 Average 95 | 3 117 64 Maximum Alert Level 1 | . 1 . Low Security (%) 91 | 100 87 100 Level 1 8 | . 12 . Level 2 . | . . . Level 3 . | . . . Level 4 . | . . . Level 5 . | . . . High Security . | . . . Max Security . | . . . Squads Dispatched 2 | . 2 . Investigation . | . . . Extermination . | . . . Reinforcement 2 | . 2 . Assault . | . . . Garrison . | . . . Intercept . | . . . Searches Triggered . | . . . Construction Impeded . | . . . Haulers Reinforced . | . . . Active Scanning Responses . | . . . Cargo Convoy Interrupts . | . . . Stealth | -11 -10 -10 --------- Run | Yrd Mat Min Distress Signals 2 | . 2 . Communications Jammed . | . . . Distress Signals . | . . . Times Spotted 24 | 1 20 3 Peak Tracking Total 5 | 1 5 3 Tactical Retreats 1 | . 1 . Traps | -11 -10 -10 ------- Run | Yrd Mat Min Traps Triggered . | . . . Indirectly . | . . . Trap Hack Attempts . | . . . Triggered . | . . . Disarmed . | . . . Reprogrammed . | . . . Reused . | . . . Traps Extracted . | . . . Installed . | . . . Triggered . | . . . Machines | -11 -10 -10 ---------- Run | Yrd Mat Min Machines Disabled 2 | . 2 . Max in Single Turn 2 | . 2 . Machines Repaired . | . . . Machines Dismantled . | . . . Machines Sabotaged . | . . . Overloaded Fab Kills . | . . . Hacking | -11 -10 -10 --------- Run | Yrd Mat Min Machines Accessed 1 | . 1 . Terminals 1 | . 1 . Fabricators . | . . . Repair Stations . | . . . Recycling Units . | . . . Scanalyzers . | . . . Garrison Access . | . . . Total Hacks 2 | . 2 . Successful 1 | . 1 . Failed 1 | . 1 . Catastrophic . | . . . Database Lockouts . | . . . Manual . | . . . Terminals 2 | . 2 . Fabricators . | . . . Repair Stations . | . . . Recycling Units . | . . . Scanalyzers . | . . . Garrison Access . | . . . Terminal Hacks 1 | . 1 . Prototype ID Bank 1 | . 1 . Fabricator Hacks . | . . . Repair Station Hacks . | . . . Recycling Unit Hacks . | . . . Scanalyzer . | . . . Garrison Access Hacks . | . . . Unauthorized Hacks . | . . . Terminals . | . . . Fabricators . | . . . Repair Stations . | . . . Recycling Units . | . . . Scanalyzers . | . . . Garrison Access . | . . . Data Cores Recovered . | . . . Used . | . . . Hacking Detections 1 | . 1 . Full Trace Events . | . . . Feedback Events . | . . . Feedback Blocked . | . . . Robot Schematics Acquired . | . . . Robots Built . | . . . Authchips . | . . . Time . | . . . Total Robot Build Rating . | . . . Part Schematics Acquired . | . . . Parts Built . | . . . Authchips . | . . . Time . | . . . Total Part Build Rating . | . . . Parts Repaired . | . . . Time . | . . . Parts Recycled . | . . . Recycled Matter . | . . . Retrieved Matter . | . . . Retrieved Components . | . . . Parts Scanalyzed . | . . . Part Schematics Acquired . | . . . Parts Damaged . | . . . Bothacking | -11 -10 -10 ------------ Run | Yrd Mat Min Used RIF Installer . | . . . Robots Hacked . | . . . Non-combat . | . . . Combat . | . . . Robot Hacks Applied . | . . . Relay Couplers Released . | . . . Fabnet Peak Effective % . | . . . Robots Rewired . | . . . Allies Hacked . | . . . Hacks Repelled . | . . . Allies | -11 -10 -10 -------- Run | Yrd Mat Min Total Allies . | . . . Largest Group . | . . . Highest-Rated Group . | . . . Highest-Rated Ally . | . . . Total Orders . | . . . Ally Attacks . | . . . Total Damage . | . . . Kills . | . . . Allies Corrupted . | . . . Allies Melted . | . . . Intel | -11 -10 -10 ------- Run | Yrd Mat Min Robot Analysis Total . | . . . Derelict Logs Recovered . | . . . Drone Launches . | . . . Drone Recoveries . | . . . Exploration | -11 -10 -10 ------------- Run | Yrd Mat Min Turns Passed 770 | 77 533 160 Spaces Moved 645 | 73 366 206 Core 44 | 20 20 4 Treads . | . . . Legs 190 | . 190 . Wheels 155 | 53 102 . Hover 256 | . 54 202 Flight . | . . . Fastest Speed 50 | 50 50 50 Average Speed 81 | 71 96 59 Slowest Speed 120 | 80 120 60 Overloaded Moves . | . . . Propulsion Burnouts . | . . . Robots Hopped . | . . . Cave-ins Triggered . | . . . Exploration Rate (%) 33 | 9 26 64 Regions Visited 2 Branch Regions 1 Pre-discovered Areas . | . . . Known Exits Taken . | . . . Unknown Exits Taken 2 | 1 1 . Scrap Searched 1 | . . 1 Spaces Dug . | . . . Terrain Destroyed 21 | . 19 2 Melee . | . . . Projectile 2 | . . 2 AOE 19 | . 19 . Terrain Rammed . | . . . Walls Destroyed . | . . . Machines Disabled . | . . . Actions | -11 -10 -10 --------- Run | Yrd Mat Min Total 799 | 90 479 230 Wait 56 | 7 28 21 Move 643 | 72 365 206 Hop . | . . . Pick Up 16 | 2 14 . Fast Attach 10 | 6 3 1 Attach 11 | . 11 . Detach 3 | 1 2 . Swap . | . . . Drop 13 | . 13 . Fire 35 | 2 31 2 Melee 12 | . 12 . Ram . | . . . Kick . | . . . Crush . | . . . Escape Stasis . | . . . Rewire . | . . . Trap . | . . . Miscellaneous . | . . . Route ------- -11/Scrapyard -10/Materials -10/Mines History --------- Turn | Location | Event 2 | -11/Scrapyard | Met Revision 17 53 | -11/Scrapyard | Discovered new exit (range 8) 78 | -11/Scrapyard | Entered Materials 159 | -10/Materials | Discovered new exit (range 7) 311 | -10/Materials | Build established: Mutant 532 | -10/Materials | Core integrity fell below 50% 567 | -10/Materials | Core integrity fell below 20% 597 | -10/Materials | Lost 3 parts (2n1w) 611 | -10/Materials | Entered Mines 771 | -10/Mines | Destroyed by S-10 Pest with Light Assault Rifle Last Messages --------------- GOAL=ESCAPE Something is scanning the area. 00612_ K-01 Serf collects debris. 00619_ T-07 Excavator is excavating. 00680_ K-01 Serf collects debris. 00688_ U-05 Engineer lays Concrete. 00689_ K-01 Serf collects debris. 00690_ U-05 Engineer lays Concrete. 00714_ K-01 Serf collects debris. 00731_ Searching scrap... 00731_ Found Terrain Scanner. 00731_ Found 16 Matter. 00732_ Acquired 16 matter. 00733_ Acquired Terrain Scanner. 00750_ S-10 Pest: "SECOND INTRUDER APPROACHING. ELIMINATE." 00764_ Mining Laser destroyed. 00766_ U-05 Engineer builds a Wall. 00766_ Mining Laser destroyed. 00767_ Lgt. Ion Engine destroyed. Map ----- +----------------------------------------------------+ | ????????????????????????????# # | | ??????????????????????????### ############## | | ??????????????????????????# # #####????????# | | ?????????????????????###### ##??????## | | ???????####??????????# #??????# | | ??????## ##?????????# ### #?## | | ???#### ##????????# #?## #?# | | ??## ##???????# #### ### #?# | | ?## ###????## #??? #?# | | ???# ##???# #### #??????## | | ????# ## ##### ##?## #???????# | | ????# ##### ### #??### ##?# #### | | ????# #???## """ ##????###??# | | ????# #????# """ ???????# | | ????# #????## """ ### #??????####### | | ????# #?????### ???????????????# | | ????# #???????## ######## ?????????????# | | ????# #????????####?????????????????????# | | ?#### #????????????????????????????????# | | ??# #????#?#?????????????????????????# | | ??# ##????????????????#??????????????# | | ??# #???????????#??? #??????????????## | | ??# ####?????###### #???????????????### | | ??## #?????# ???????????????????# | | ???## ### #?????# ?????????????????????# | | ????####?# #???#?# @#??????????????????????# | | ?????????# #???#?# #??????????????????????# | | ?????????# #####?# #??????????????????????# | | ?????????# #?# ##?????????????????????? | | ?????????##### #?# ##????????????????????? | | ?????????????# ##; ##???????????????????? | | ???# #### ###sss ##??????????????????? | | ???# u #??????????????????? | | ???# ## ######## #??????????????????? | | ????? ????????????## ##??????????????????? | | ???????????????????? ###???????????????????? | | ???????????????????? #?????????????????????? | | ???#????????#?#????? #??#??????????????????? | | ???????????????????? ?????????????????????? | | ?????????????????#??##?????????????????????? | | ?????????#?????????????????????????????????? | | ????????????? ?????????????????????????????? | | ???????????????????????????????????????????? | | ????????????????????#??????????????????????? | | ???????????????????????????????????????????? | | ???????????????????????????????????????????? | | ???????????????????????????????????????????? | | ???????????????????????????????????????????? | | ???????????????????????????????????????????? | | ???????????????????????????????????????????? | +----------------------------------------------------+ Best States ------------- Heat Dissipation 25 Energy Generation 10 Energy Capacity 250 Matter Stores 300 Matter Capacity 300 Sight Range 16 Terrain Scan Range 14 Terrain Scan Density 10 Evasion (%) 55 Item Schematics ----------------- None Robot Schematics ------------------ None Fabricated ------------ Nothing Alien Tech Used ----------------- None Achievements -------------- None Challenges ------------ None Game ------ Seed StasisParticleStripper Manual? 0 Play Time 00:12:41 Cumulative 5.1 hours Start 2024.04.02 @ 22:20:10 End 2024.04.02 @ 22:31:56 Sessions 1 Manual Loads 0 Difficulty Rogue Special Mode None Game No. 3 Rogue 3 Adventurer 0 Explorer 0 Win Type - Total 0 Types 0/0/0/0/0/0/0/0/0 Lore% 11 Gallery% 8 Achievement% 8 Wizard Run 0 Options --------- Layout 1 ASCII 0 Keyboard 1 Movement Numpad Keybinds 0 Fullscreen 1 Font 24/Smallcaps Map View 50x35 Zoom Use 0% Tactical HUD 1 Map Filters NONE Filters NONE Steam 1 RUN: e30676db-d7e3-4215-b100-bb64e4073528